 Dungeon Crawl Stone Soup version 0.28.0 (webtiles) character file.

Game seed: 8335904162726687596

8545 danielguo94 the Basher (level 11, -6/100 HPs)
             Began as a Gargoyle Fighter on Feb 8, 2022.
             Was an Elder of the Shining One.
             Mangled by an orc warlord (31 damage)
             ... in a bailey.
             The game lasted 00:15:13 (9586 turns).

danielguo94 the Basher (Gargoyle Fighter)           Turns: 9586, Time: 00:15:13

Health: -6/100     AC: 25    Str: 23    XL:     11   Next: 32%
Magic:  9/11       EV:  2    Int:  8    God:    the Shining One [****..]
Gold:   301        SH: 17    Dex: 11    Spells: 10/10 levels left

rFire   + . .      SeeInvis .   a - +1 flail
rCold   . . .      Faith    .   c - +0 buckler
rNeg    + + +      Spirit   .   (armour currently unavailable)
rPois   ∞          Reflect  +   (helmet currently unavailable)
rElec   .          Harm     .   (cloak currently unavailable)
rCorr   .          Rampage  .   (gloves currently unavailable)
Will    .....      NoTele   +   (boots currently unavailable)
Stlth   +.........              r - amulet of reflection
HPRegen 0.26/turn               t - ring of flight
MPRegen 0.12/turn               E - ring of protection from fire

@: mighty, divinely shielded, tree-form, glowing
A: stationary, stasis, torment immunity, boosted hp, sickness immunity, AC +8,
negative energy resistance 1, (electricity resistance), torment resistance 1,
petrification resistance
a: Renounce Religion, Divine Shield, Cleansing Flame


You were in a bailey.
You worshipped the Shining One.
The Shining One was greatly pleased with you.
You were a tree.
You visited 2 branches of the dungeon, and saw 11 of its levels.
You also visited: Ossuary and Bailey.

You collected 397 gold pieces.
You spent 96 gold pieces at shops.

Inventory:

Hand Weapons
 a - a +1 flail (weapon)
Missiles
 g - 48 poisoned darts
 h - 11 javelins
 j - 278 stones
 m - a silver javelin
 v - 7 atropa-tipped darts
 x - 5 throwing nets
 B - 16 boomerangs
Armour
 c - a +0 buckler (worn)
 z - a +0 pair of gloves (melded)
 P - a +2 helmet (melded)
 Q - a +4 chain mail (melded)
Jewellery
 r - an amulet of reflection (around neck)
 t - a ring of flight (left branch)
 E - a ring of protection from fire (right branch)
 F - a ring of fire
Wands
 b - a wand of digging (6)
 A - a wand of flame (12)
 N - a wand of polymorph (8)
Scrolls
 e - a scroll of holy word {unknown}
 f - 3 scrolls of enchant weapon
 k - a scroll of blinking {unknown}
 l - a scroll of noise {unknown}
 n - a scroll of acquirement {unknown}
 p - 2 scrolls of immolation
 q - a scroll of brand weapon {unknown}
 s - a scroll of silence {unknown}
 y - 4 scrolls of teleportation
 C - a scroll of magic mapping
 K - a scroll of fog {unknown}
 L - 4 scrolls of enchant armour
 M - a scroll of summoning {unknown}
Potions
 i - 3 potions of curing
 o - a potion of lignification
 u - 2 potions of flight {unknown}
 w - 2 potions of cancellation {unknown}
 D - 2 potions of magic {unknown}
 G - a potion of heal wounds {unknown}
 H - a potion of resistance {unknown}
 I - a potion of haste {unknown}
 J - a potion of attraction {unknown}


   Skills:
 + Level 7.1 Fighting
 * Level 13.4 Maces & Flails
 + Level 0.7 Throwing
 + Level 7.0 Armour
 + Level 2.6 Dodging
 + Level 7.6 Shields
 * Level 0.9 Invocations
 + Level 1.1 Evocations


You had 10 spell levels left.
You didn't know any spells.
Your spell library contained the following spells:

 Spells                   Type           Power      Damage    Failure   Level
 Beastly Appendage        Tmut           0%         N/A       47%         1
 Ensorcelled Hibernation  Hex/Ice        0%         N/A       63%         2
 Passwall                 Tmut/Erth      0%         N/A       63%         2
 Wereblood                Tmut           0%         N/A       63%         2
 Spider Form              Tmut/Pois      0%         N/A       85%         3
 Swiftness                Air            0%         N/A       85%         3
 Petrify                  Tmut/Erth      0%         N/A       99%         4
 Irradiate                Conj/Tmut      0%         3d14      100%        5
 Sublimation of Blood     Necr           Unusable   N/A       N/A         2

Dungeon Overview and Level Annotations

Branches:
Dungeon (10/15)            Temple (1/1) D:6             Orc (0/2) D:10
Ossuary (visited)          Bailey (1/1)
   Lair: D:8-11

Altars:
Ashenzari
Cheibriados
Elyvilon
Fedhas
Gozag
Hepliaklqana
Makhleb
Nemelex Xobeh
Okawaru
Qazlal
Ru
Sif Muna
Uskayaw
Vehumet
Xom
Zin
The Shining One

Shops:
D:6 :   D:9 (

Portals:
Trove: D:10 (give 10 potions of heal wounds)

Annotations:
D:4 exclusion: door


Innate Abilities, Weirdness & Mutations

You are a tree.
Your roots penetrate the ground, keeping you stationary.
You cannot be teleported.
You are immune to unholy pain and torment.
Your maximum health is greatly increased.
Your equipment is partially melded.
You are immune to sickness and miasma.
((Your stone body is resilient. (AC +8)))
You are immune to poison.
You resist negative energy. (rN+)
((You are resistant to electric shocks. (rElec)))
You are resistant to unholy torment.
You are immune to petrification.


Message History

You feel better.
Your shield is strengthened by the Shining One's divine power.
Press: ? - help, v - describe, . - travel
Here: an orc warlord, wielding a +4 vorpal bardiche and wearing a +2 chain mail of cold resistance (haloed)
An open door.
Unknown command.
Okay, then.
Unknown command.
You feel better.
It was a potion of lignification.
You turn into a tree.
Your +2 helmet melds into your body.
Your +0 pair of gloves melds into your body.
Your +4 chain mail melds into your body.
Your roots penetrate the ground.
The orc warlord hits you from afar with a +4 vorpal bardiche.
You block the orc warlord's attack.
The orc warlord hits you but does no damage.
The orc warlord hits you from afar with a +4 vorpal bardiche!!
You cannot move.
You cannot move.
You cannot move.
The orc warlord hits you from afar with a +4 vorpal bardiche.
The orc warlord completely misses you. The orc warlord completely misses you.
You cannot teleport because you are held in place by your roots.
Unknown command.
Unknown command.
Aiming: Polymorph
Press: ? - help, Shift-Dir - straight line, f - orc warlord
Aim: an orc warlord, wielding a +4 vorpal bardiche and wearing a +2 chain mail of cold resistance (haloed, will become an entropy weaver, a great orb of eyes, or an azure jelly, chance to affect: 19%)
The orc warlord resists with almost no effort.
The orc warlord hits you from afar with a +4 vorpal bardiche!
* * * LOW HITPOINT WARNING * * *
x2 Unknown command.
Aiming: Polymorph
Press: ? - help, Shift-Dir - straight line, f/p - orc warlord
Aim: an orc warlord, wielding a +4 vorpal bardiche and wearing a +2 chain mail of cold resistance (haloed, will become an entropy weaver, a great orb of eyes, or an azure jelly, chance to affect: 19%)
The orc warlord resists with almost no effort.
The orc warlord hits you from afar with a +4 vorpal bardiche!!
You die...

#...........#......)
#....)......#.......
###.........###.....)
###.#)#.....###
###....
###....)###.### ###.#
#!........### ###
??........8# . #.
?.........8#.... #.
∩....⌠..♣.o'..... #.
!.........8#..... #.
??........8##.... #.
#?........## .... ###
###.....### .. ###.#
###.#' # ###.... ###.
##...... .. #......)
#.......


You could see an orc warlord.

Vanquished Creatures
  3 two-headed ogres
  3 orc knights (Bailey)
  Psyche (D:9)
  A hornet (D:9)
  A wyvern (D:7)
  4 water moccasins
  A black bear (D:4)
  2 sky beasts
  2 ogres
  15 orc warriors
  3 necrophages (D:7)
  2 centaurs
  3 kobold brigands
  4 bullfrogs
  2 scorpions
  Blork the orc (D:5)
  A water moccasin zombie (D:6)
  A wyvern zombie (D:6)
  3 howler monkeys (D:7)
  A centaur zombie (D:6)
  3 bullfrog zombies (D:6)
  A hound (D:5)
  A jelly (D:5)
  5 orc priests
  A centaur skeleton (D:7)
  8 iguanas
  7 orc wizards
  A killer bee zombie (D:6)
  A hound zombie (D:4)
  A hound skeleton (D:4)
  A howler monkey zombie (D:8)
  12 mummies (Ossuary)
  6 gnolls
  A howler monkey skeleton (D:7)
  5 adders
  3 white imps
  4 dart slugs
  35 orcs
  5 ball pythons
  4 bats
  11 endoplasms
  3 giant cockroaches
  23 goblins
  12 hobgoblins
  11 jackals
  4 quokkas
  3 training dummies (D:9)
  5 frilled lizards
  3 gnoll skeletons (Ossuary)
  15 kobolds
  4 kobold skeletons (Ossuary)
  An orc skeleton (Ossuary)
  6 rats
  11 rat skeletons (Ossuary)
  A spectral goblin (D:8)
272 creatures vanquished.

Vanquished Creatures (others)
  A kobold (D:9)
1 creature vanquished.

Grand Total: 273 creatures vanquished

Notes
Turn   | Place    | Note
-------+----------+-------------------------------------------
     0 | D:1      | danielguo94 the Gargoyle Fighter began the quest for the
                  | Orb.
     0 | D:1      | Reached XP level 1. HP: 14/14 MP: 1/1
   148 | D:1      | Reached XP level 2. HP: 17/19 MP: 2/2
   186 | D:1      | Found a faded altar of an unknown god.
   330 | D:1      | Reached XP level 3. HP: 17/24 MP: 3/3
   679 | D:2      | Reached skill level 3 in Maces & Flails
   878 | D:2      | You fall into a shaft and drop 1 floor!
   940 | D:2      | Reached XP level 4. HP: 26/29 MP: 4/4
  1415 | D:3      | Reached skill level 4 in Maces & Flails
  1513 | D:3      | Reached XP level 5. HP: 29/33 MP: 5/5
  1805 | D:4      | Found a white marble altar of Elyvilon.
  2016 | D:4      | Found a stormy altar of Qazlal.
  2095 | D:4      | Noticed a black bear
  2238 | D:4      | Reached skill level 5 in Maces & Flails
  2333 | D:4      | Noticed an ogre
  2357 | D:4      | Killed an ogre
  2358 | D:4      | Reached XP level 6. HP: 35/38 MP: 6/6
  3017 | D:4      | Killed a black bear
  3018 | D:4      | Reached XP level 7. HP: 33/43 MP: 7/7
  3086 | D:5      | Entered Level 5 of the Dungeon
  3215 | D:5      | Reached skill level 6 in Maces & Flails
  3236 | D:5      | Noticed a two-headed ogre
  3276 | D:5      | Noticed a two-headed ogre
  3391 | D:5      | Reached skill level 1 in Dodging
  3466 | D:5      | Reached skill level 5 in Armour
  3495 | D:5      | Noticed Blork the orc
  3504 | D:5      | Killed Blork the orc
  3505 | D:5      | Reached skill level 7 in Maces & Flails
  3505 | D:5      | Reached XP level 8. HP: 30/48 MP: 8/8
  3531 | D:5      | Found an iron altar of Okawaru.
  3705 | D:6      | Found a staircase to the Ecumenical Temple.
  4247 | Temple   | Entered the Ecumenical Temple
  4322 | Temple   | Became a worshipper of the Shining One
  4646 | D:7      | Reached skill level 5 in Shields
  4663 | D:7      | Reached skill level 8 in Maces & Flails
  4700 | D:7      | Found a snail-covered altar of Cheibriados.
  4782 | D:7      | Found a radiant altar of Vehumet.
  4809 | D:7      | Noticed a wyvern
  4814 | D:7      | Killed a wyvern
  4815 | D:7      | Reached skill level 5 in Fighting
  5236 | D:7      | Reached XP level 9. HP: 54/54 MP: 9/9
  5337 | D:7      | Reached skill level 9 in Maces & Flails
  5761 | D:8      | Found a sand-covered staircase.
  5766 | Ossuary  | Entered an ossuary
  5786 | Ossuary  | Reached * piety under the Shining One
  5845 | Ossuary  | Reached ** piety under the Shining One
  6172 | Ossuary  | Reached *** piety under the Shining One
  6634 | D:8      | Found a hazy altar of Hepliaklqana.
  6762 | D:8      | Reached skill level 10 in Maces & Flails
  7051 | D:9      | Paralysed by an orc wizard for 7 turns
  7060 | D:9      | Found Turaelobb's Firing Range.
  7069 | D:9      | Bought a throwing net for 48 gold pieces
  7069 | D:9      | Bought a throwing net for 48 gold pieces
  7162 | D:9      | Noticed a two-headed ogre
  7189 | D:9      | Killed a two-headed ogre
  7190 | D:9      | Reached skill level 11 in Maces & Flails
  7190 | D:9      | Reached XP level 10. HP: 52/60 MP: 10/10
  7610 | D:9      | Noticed Psyche
  7618 | D:9      | Killed Psyche
  8216 | D:6      | Killed a two-headed ogre
  8217 | D:6      | Reached skill level 12 in Maces & Flails
  8275 | D:6      | Found Teocwoan's Book Shop.
  8314 | D:6      | Found a broken altar of Ashenzari.
  8396 | D:6      | Killed a two-headed ogre
  8399 | D:6      | Reached **** piety under the Shining One
  8591 | D:6      | Found a hide-covered altar of Uskayaw.
  8744 | D:10     | Entered Level 10 of the Dungeon
  8785 | D:10     | Found a portal to a secret trove of treasure.
  8792 | D:10     | Found a flagged portal.
  8816 | Bailey   | Entered a bailey
  8852 | Bailey   | Noticed an orc knight
  8867 | Bailey   | Killed an orc knight
  8868 | Bailey   | Reached XP level 11. HP: 44/66 MP: 11/11
  9031 | Bailey   | Noticed an orc knight
  9040 | Bailey   | Reached skill level 13 in Maces & Flails
  9040 | Bailey   | Reached skill level 1 in Evocations
  9067 | Bailey   | Killed an orc knight
  9543 | Bailey   | Noticed an orc knight
  9569 | Bailey   | Killed an orc knight
  9572 | Bailey   | Noticed an orc warlord
  9586 | Bailey   | Mangled by an orc warlord

Illustrated notes

Levels and vault maps discovered:
D:1:      dpeg_arrival_ternary, layout_basic, dreamdust_ecumenical_altar_statues
D:2:      layout_rooms
D:3:      layout_basic
D:4:      layout_cave_pods, mainiacjoe_overflow_surrounded_room,
          mainiacjoe_overflow_paths, lemuel_mausoleum_altar_kikubaaqudgha,
          minmay_stone_trees_small
D:5:      layout_basic, okawaru_metal_pillars_1_2, minmay_holes,
          uniq_blork_the_orc
D:6:      layout_rooms, lemuel_coloured_pillars_altar, lemuel_doored_altar,
          minmay_temple_entry_proselytizer, serial_shops, shop, serial_undead,
          serial_undead_b, serial_undead_d, serial_undead_e, serial_undead_b,
          serial_undead_c, serial_undead_c
D:7:      layout_basic, mainiacjoe_overflow_24_doors, old_standard_altar
D:8:      layout_loops_corners, nicolae_hepliaklqana_monster_ancestors,
          enter_ossuary_5
D:9:      layout_cave_pods, roderic_roman_lattice, nicolae_shop_firing_range,
          uniq_psyche
D:10:     layout_big_octagon, nicolae_wu_jian_glorious_leap, orc_0_dummy,
          enter_bailey_5, enter_trove_2, nicolae_elevator_lobby_plus
Temple:   hc_temple_tempest_star
Bailey:   bailey_axe_minmay_hex_keep, bailey

Skill      XL: |  1  2  3  4  5  6  7  8  9 10 11 |
---------------+----------------------------------+-----
Maces & Flails | 3 4 5 7 8 11 12 13 | 13.4
Armour         | 4 5 6 7 |  7.0
Fighting       | 4 5 6 7 |  7.1
Shields        | 4 5 6 7 |  7.6
Dodging        | 1 2 |  2.6
Evocations     | 1 |  1.1
Throwing       | |  0.7
Invocations    | |  0.9

Action                   |  1- 3 |  4- 6 |  7- 9 | 10-12 || total
-------------------------+-------+-------+-------+-------++-------
Melee: Flail             |   135 |   141 |   430 |   323 ||  1029
Throw: Dart              |       |     6 |       |       ||     6
Invok: Divine Shield     |       |       |       |     1 ||     1
Evoke: Wand              |       |       |     3 |    13 ||    16
  Use: Scroll            |       |     1 |     6 |     2 ||     9
       Potion            |       |       |     1 |     4 ||     5
Armor: Scale mail        |    72 |    60 |   165 |    32 ||   329
       Chain mail        |       |       |       |    79 ||    79
       Skin              |       |       |       |     1 ||     1
Dodge: Dodged            |    70 |    49 |   106 |    64 ||   289
Block: Buckler           |    23 |    40 |   186 |   149 ||   398
       Reflection        |       |       |     5 |     6 ||    11
